AoeStats
← 安安您好

Arena

510091357Analyzed
4v4 RM · 2d ago on Sep 29, 2026· 36m 26s· 8 players
Game mode
Random Map
Map size
Large (8 player)
Population
200
Speed
Normal
Resources
Standard
Victory
Conquest
Starting age
Dark Age
Ending age
Imperial Age
RankedLock teamsTeams togetherTeam positionsShared explorationLock speedFull tech treeHidden civsTurbo modeCheats
Victory
Defeat
🇨🇳 Celts · China
1297
+16
🇸🇬 Burgundians · Singapore
1297
+16
🇨🇳 Varangians · China
1270
+17
🇲🇽 Hindustanis · Mexico
1235
+19
🇨🇭 Bohemians · Switzerland
1346
-19
🇦🇷 Teutons · Argentina
1315
-18
🇭🇺 Vietnamese · Hungary
1307
-17
🇹🇼 Poles · Taiwan
1218
-14
IrRéelle
10:34 Feudal Age
13:23 Loom
14:15 Man-at-Arms
33:55 Double-Bit Axe
34:19 Horse Collar
Aczino
10:42 Feudal Age
14:52 Castle Age
13:00 Double-Bit Axe
15:59 Bow Saw
21:51 Arson
21:52 Pikeman
25:48 Scale Mail Armor
29:03 Scale Barding Armor
29:08 Forging
29:03 Scale Barding Armor
30:21 Husbandry
30:31 Bloodlines
30:23 Horse Collar
31:06 Light Cavalry
33:38 Loom
35:20 Chain Barding Armor
35:00 Gold Mining
用爱感化队友
10:03 Feudal Age
13:45 Castle Age
12:16 Double-Bit Axe
14:43 Bow Saw
18:52 Horse Collar
19:03 Gold Mining
21:04 Wheelbarrow
21:26 Town Watch
22:47 Loom
23:58 Heavy Plow
25:36 Town Patrol
28:10 Hand Cart
30:57 Fletching
31:07 Padded Archer Armor
34:57 Imperial Age
33:07 Gold Shaft Mining
32:22 Stone Mining
33:26 Ballistics
33:04 Bodkin Arrow
33:25 Leather Archer Armor
35:08 Stone Shaft Mining
35:00 Capped Ram
37:11 Ring Archer Armor
36:48 Siege Engineers
37:45 Chemistry
36:10 Siege Ram
8316699
4:58 Double-Bit Axe
6:50 Horse Collar
10:44 Feudal Age
14:29 Castle Age
13:24 Bow Saw
13:39 Heavy Plow
20:08 Wheelbarrow
20:37 Gold Mining
22:13 Scale Barding Armor
22:19 Forging
22:28 Husbandry
21:49 Cavalier
23:54 Gold Shaft Mining
23:42 Hand Cart
27:09 Chain Barding Armor
34:06 Imperial Age
32:55 Iron Casting
32:53 Crop Rotation
32:14 Stone Mining
32:26 Loom
34:45 Paladin
36:30 Burgundian Vineyards
36:46 Conscription
37:22 Plate Barding Armor
taerue
10:07 Feudal Age
14:27 Castle Age
13:03 Double-Bit Axe
17:20 Loom
19:53 Horse Collar
21:11 Bow Saw
26:40 Imperial Age
26:10 Chemistry
25:40 Scale Mail Armor
26:13 Pikeman
AoM92
10:58 Feudal Age
12:06 Double-Bit Axe
14:54 Castle Age
14:06 Loom
14:06 Horse Collar
16:28 Bow Saw
22:16 Wheelbarrow
24:12 Hand Cart
24:02 Gold Mining
28:31 Imperial Age
26:37 Forging
25:48 Pikeman
27:55 Squires
28:04 Scale Mail Armor
28:40 Iron Casting
29:28 Chain Mail Armor
28:36 Elite Rattan Archer
28:42 Halberdier
29:15 Fletching
30:07 Town Watch
30:51 Padded Archer Armor
30:42 Fletching
30:18 Elite Rattan Archer
33:32 Chemistry
33:06 Bodkin Arrow
33:43 Plate Mail Armor
安安您好
9:56 Feudal Age
11:50 Loom
15:28 Castle Age
13:32 Double-Bit Axe
19:17 Bow Saw
22:49 Horse Collar
24:07 Heavy Plow
26:45 Wheelbarrow
25:57 Crossbowman
27:42 Fletching
28:39 Ballistics
28:56 Bodkin Arrow
34:45 Imperial Age
33:10 Thumb Ring
34:16 Hand Cart
34:30 Gold Mining
Haniek!!
6:06 Loom
9:11 Feudal Age
11:18 Fletching
21:20 Double-Bit Axe
22:16 Horse Collar
25:57 Castle Age
25:14 Scale Mail Armor
25:25 Forging
25:11 Stone Mining
25:14 Gold Mining
26:47 Wheelbarrow
25:59 Town Watch
30:07 Bow Saw
33:29 Chain Mail Armor
35:12 Iron Casting
Connection lost

Rejoining the realm…

Still unreachable

The connection could not be restored.

Session expired

The server has moved on; the page needs a fresh start.